AoeStats
← KND

Nomad

504745440Analyzed
4v4 RM · 25d ago on Sep 6, 2026· 27m 31s· 8 players
Game mode
Random Map
Map size
231×231
Population
200
Speed
Normal
Resources
Standard
Victory
Conquest
Starting age
Dark Age
Ending age
Imperial Age
RankedLock teamsTeams togetherTeam positionsShared explorationLock speedFull tech treeHidden civsTurbo modeCheats
Victory
Defeat
🇫🇷 Magyars · France
1866
+7
🇧🇪 Georgians · Belgium
1834
+8
🇧🇪 Burgundians · Belgium
1800
+9
🇫🇷 Mongols · France
1766
+10
🇧🇪 Hindustanis · Belgium
1767
-12
🇨🇿 Muisca · Czechia
1652
-9
🇨🇿 Italians · Czechia
1595
-7
🇧🇷 Chinese · Brazil
1567
-6
The Cringe Lord
4:26 Loom
14:25 Feudal Age
17:58 Castle Age
16:08 Fishing Lines
17:07 Double-Bit Axe
17:38 Fletching
18:57 Bow Saw
18:38 Gold Mining
21:16 Bodkin Arrow
24:09 Husbandry
26:19 Bloodlines
Act a fool
13:52 Feudal Age
13:11 Loom
17:27 Castle Age
17:15 Double-Bit Axe
17:11 Horse Collar
18:22 Bow Saw
18:14 Heavy Plow
18:14 Fishing Lines
20:54 Two-Man Saw
26:20 Wheelbarrow
BonDyeDye
8:53 Loom
14:06 Feudal Age
18:19 Castle Age
18:34 Fishing Lines
18:43 Double-Bit Axe
19:12 Medium Warships
20:14 Bow Saw
23:36 Fishing Lines
26:29 Wheelbarrow
Hadeo
15:39 Feudal Age
16:16 Double-Bit Axe
16:32 Fishing Lines
19:22 Castle Age
19:57 Light Cavalry
24:52 Bloodlines
25:55 Wheelbarrow
25:05 Loom
26:06 Husbandry
26:55 Bow Saw
26:36 Gillnets
27:55 Hand Cart
27:46 Scale Barding Armor
JINX
5:03 Loom
12:38 Feudal Age
17:05 Castle Age
16:19 Forging
16:16 Double-Bit Axe
17:02 Bloodlines
17:38 Gold Mining
18:02 Bow Saw
19:05 Scale Barding Armor
KND
3:06 Loom
15:10 Feudal Age
19:30 Castle Age
17:24 Fishing Lines
17:36 Double-Bit Axe
19:35 Fletching
20:56 Medium Warships
22:08 Wheelbarrow
22:35 Bow Saw
22:55 Horse Collar
24:07 Heavy Plow
26:29 Fervor
Rank
12:46 Feudal Age
13:43 Double-Bit Axe
16:39 Loom
21:33 Castle Age
25:18 Stone Mining
26:36 Bow Saw
alesh
10:29 Loom
13:05 Feudal Age
16:41 Castle Age
16:03 Fletching
16:06 Fishing Lines
18:25 Medium Warships
18:27 Bodkin Arrow
21:24 Double-Bit Axe
Connection lost

Rejoining the realm…

Still unreachable

The connection could not be restored.

Session expired

The server has moved on; the page needs a fresh start.